 Dungeon Crawl Stone Soup version 0.19-a0-1790-g026f1ef (webtiles) character file.

20 Banto the Charmwright (level 2, -2/19 HPs)
             Began as a High Elf Skald on Oct 4, 2016.
             Hit by a stone thrown by a hobgoblin (3 damage)
             ... on level 1 of the Dungeon.
             The game lasted 00:01:02 (521 turns).

Banto the Charmwright (High Elf Skald)               Turns: 521, Time: 00:01:03

Health: -2/19      AC:  3    Str: 11    XL:     2   Next: 58%
Magic:  0/6        EV: 12    Int: 15    God:
Gold:   21         SH:  0    Dex: 14    Spells: 1 memorised, 4 levels left

rFire  . . .     SeeInvis .     h - -2 whip (curse)
rCold  . . .     Gourm    .     b - +0 leather armour
rNeg   . . .     Faith    .     (no shield)
rPois  .         Spirit   .     (no helmet)
rElec  .         Dismiss  .     (no cloak)
rCorr  .         Reflect  .     (no gloves)
MR     .....     Harm     .     (no boots)
Stlth  +.........               (no amulet)
                                (no ring)
                                (no ring)

@: infused (expiring), very slightly contaminated
A: no striking features
a: no special abilities


You were on level 1 of the Dungeon.
You were not hungry.

You visited 1 branch of the dungeon, and saw 1 of its levels.

You collected 21 gold pieces.

Inventory:

Hand Weapons
 a - a +1 falchion
 h - a cursed -2 whip (weapon)
Missiles
 l - 2 throwing nets (quivered)
Armour
 b - a +0 leather armour (worn)
Scrolls
 g - a scroll of enchant weapon
Potions
 e - 2 potions of agility
 f - a potion of berserk rage
Books
 c - a book of Battle

   Spells                             Type                      Level
   a - Infusion                       Charms                       1
   b - Shroud of Golubria             Charms/Translocation         2
   c - Song of Slaying                Charms                       2
   d - Spectral Weapon                Hexes/Charms                 3
   e - Regeneration                   Charms/Necromancy            3
Comestibles
 d - a bread ration
 i - 3 chunks of flesh
 j - 2 meat rations


   Skills:
 - Level 2.0 Fighting
 + Level 3.4 Long Blades
 - Level 0.8 Armour
 + Level 2.0 Dodging
 - Level 2.4 Spellcasting
 - Level 3.6 Charms


You had 4 spell levels left.
You knew the following spells:

 Your Spells              Type           Power        Failure   Level  Hunger
a - Infusion              Chrm           ##..         10%         1    #......


Dungeon Overview and Level Annotations

Branches:
Dungeon (1/15)

Altars:


Message History

A hobgoblin comes into view.
You now have 1/6 mp.
You barely miss the hobgoblin.
The hobgoblin is severely wounded.
The hobgoblin shouts!
The hobgoblin hits you with a club.
* * * LOW HITPOINT WARNING * * *
You take 1 damage, and have 2/19 hp.
Okay, then.
You hit the hobgoblin.
You kill the hobgoblin!
Your Dodging skill increases to level 2!
Your magical infusion is running out.
You now have 0/6 mp.
The hobgoblin throws a stone.
The stone hits you.
* * * LOW HITPOINT WARNING * * *
You see here a stone.
You take 1 damage, and have 1/19 hp.
The hobgoblin throws a stone.
The stone hits you.
You die...

....###### #.#
....... #.#.# #.#
......# †.#.# #.#
##..... ###.# #.#
##?.)..
###.########.#
.....
..........##.# ...
###.#####.##.# #r#
#
#.(.....##.######g#
#
######........@(..#
# ###
##..########## #
##.####..######
###.#............
...###.##..######
....#.###..#
####.####..#
.........(.#
############


You could see a hobgoblin.

Vanquished Creatures
  2 dart slugs (D:1)
  A ball python (D:1)
  2 bats (D:1)
  2 goblins (D:1)
  3 hobgoblins (D:1)
  2 kobolds (D:1)
  A frilled lizard (D:1)
  A rat (D:1)
14 creatures vanquished.

Notes
Turn   | Place    | Note
-------+----------+-------------------------------------------
     0 | D:1      | Banto the High Elf Skald began the quest for the Orb.
     0 | D:1      | Reached XP level 1. HP: 14/14 MP: 4/4
   272 | D:1      | Reached XP level 2. HP: 9/19 MP: 0/6
   521 | D:1      | Hit by a stone thrown by a hobgoblin

Vault maps used:
D:1:      shiori_arrival_elements

Skill      XL: |  1  2 |
---------------+-------+-----
Long Blades    | 3 |  3.4
Dodging        | 2 |  2.0
Fighting       | |  2.0
Armour         | |  0.8
Spellcasting   | |  2.4
Charms         | |  3.6

Action                   || total
-------------------------++-------
Melee: Whip              ||    56
       Falchion          ||     3
 Cast: Infusion          ||     6
  Use: Scroll            ||     4
Armor: Leather armour    ||    17
Dodge: Dodged            ||    34
       Rpst.: Falchion   ||     2

Table legend:
 A = Turns spent in this place as a percentage of turns spent in the entire game.
 B = Non-inter-level travel turns spent in this place as a percentage of non-inter-level travel turns spent in the entire game.
 C = Inter-level travel turns spent in this place as a percentage of turns spent in this place.
 D = Turns resting spent in this place as a percentage of non-inter-level travel turns spent in this place.
 E = Turns spent auto-exploring this place as a percentage of non-inter-level travel turns spent in this place.
 F = Non-inter-level travel turns spent in this place divided by the number of levels of this place that you've seen.
                   A       B       C       D       E      F
               +-------+-------+-------+-------+-------+----------------------
         Total | 100.0 | 100.0 |   0.0 |   4.6 |  12.0 | 217.0
       Dungeon | 100.0 | 100.0 |   0.0 |   4.6 |  12.0 | 217.0
               +-------+-------+-------+-------+-------+----------------------

Table legend:
 A = Kills in this place as a percentage of kills in entire the game.
 B = Kills by you in this place as a percentage of kills by you in the entire game.
 C = Kills by friends in this place as a percentage of kills by friends in the entire game.
 D = Other kills in this place as a percentage of other kills in the entire game.
 E = Experience gained in this place as a percentage of experience gained in the entire game.
 F = Experience gained in this place divided by the number of levels of this place that you have seen.
                   A       B       C       D       E      F
               +-------+-------+-------+-------+-------+----------------------
         Total | 100.0 | 100.0 |  -nan |  -nan | 100.0 |  29.0
       Dungeon | 100.0 | 100.0 |  -nan |  -nan | 100.0 |  29.0
               +-------+-------+-------+-------+-------+----------------------
